 Dungeon Crawl Stone Soup version 0.30-a0-622-gddc90eaa04 (webtiles) character file.

Game seed: 1829598644161432457

216 IdlyInterested the Trooper (level 5, 0/42 HPs)
             Began as a Demonspawn Gladiator on Jan 10, 2023.
             Succumbed to a water moccasin's poison
             ... on level 4 of the Dungeon.
             The game lasted 00:10:41 (2927 turns).

IdlyInterested the Trooper (Demonspawn Gladiator)   Turns: 2927, Time: 00:10:42

Health: 0/42       AC:  6    Str: 16    XL:     5   Next: 61%
Magic:  5/5        EV: 12    Int:  9    God:
Gold:   183        SH:  0    Dex: 15    Spells: 4/4 levels left

rFire   . . .      SeeInvis .    a - +1 war axe
rCold   . . .      Faith    .    (no shield)
rNeg    . . .      Spirit   .    B - +1 troll leather armour {Pargi}
rPois   .          Reflect  .    c - +0 helmet
rElec   .          Harm     .    (no cloak)
rCorr   +          Rampage  .    (no gloves)
Will    .....                    (no boots)
Stlth   +                        (no amulet)
HPRegen 1.07/turn                t - ring of resist corrosion
MPRegen 0.09/turn                (no ring)

@: lethally poisoned (0 -> -4), hasted, very quick
A: powered by pain 2, weakness stinger 1
a: no special abilities


You were on level 4 of the Dungeon.
You visited 1 branch of the dungeon, and saw 4 of its levels.
You also visited: Sewer.

You collected 183 gold pieces.

Inventory:

Hand Weapons
 a - a +1 war axe (weapon)
 f - a +2 dagger of speed
 i - a +0 spear
 l - a +0 war axe
 n - a +0 short sword of electrocution
 v - a +0 war axe
 E - a +0 flail
Missiles
 d - 3 throwing nets
 e - a javelin
 h - 27 stones (quivered)
 r - 3 boomerangs
 u - 9 poisoned darts
Armour
 b - a +0 leather armour
 c - a +0 helmet (worn)
 q - a +0 plate armour
 B - a +1 troll leather armour (worn) {Pargi}
Magical Staves
 o - a staff of poison
Jewellery
 t - a ring of resist corrosion (left hand)
 y - a ring of magical power
Wands
 s - a wand of charming (1)
 x - a wand of iceblast (15)
Scrolls
 j - a scroll of teleportation
 F - a scroll of enchant weapon
Potions
 g - a potion of flight
 p - a potion of brilliance
 z - 3 potions of resistance {unknown}
 D - a potion of lignification


   Skills:
 * Level 3.9 Fighting
 - Level 3.0(3.4) Axes
 - Level 2.1(3.0) Polearms
 - Level 1.7 Throwing
 - Level 2.0 Armour
 - Level 2.6 Dodging
 - Level 1.0 Stealth
 - Level 1.0 Evocations


You had 4 spell levels left.
You didn't know any spells.
Your spell library was empty.

Dungeon Overview and Level Annotations

Branches:
Dungeon (4/15)              Sewer (visited)
 Temple: D:4-7

Altars:
Dithmenos

Shops:
D:1 (   D:4 *


Innate Abilities, Weirdness & Mutations

You sometimes gain power by taking damage.
You have a small tail.


Message History

You miss the water moccasin.
Your tail-slap misses the water moccasin.
The water moccasin is moderately wounded.
You barely miss the water moccasin. The water moccasin bites you.
You are poisoned.
The water moccasin poisons you! The water moccasin bites you!
The water moccasin closely misses you.
The water moccasin bites you but does no damage.
You hit the water moccasin. You tail-slap the water moccasin.
The water moccasin is heavily wounded.
You miss the water moccasin.
You feel very sick. The water moccasin bites you.
* * * LOW HITPOINT WARNING * * *
The water moccasin bites you!
* * * LOW HITPOINT WARNING * * *
The water moccasin closely misses you.
The water moccasin bites you but does no damage.
You feel much better.
You feel sick. The water moccasin barely misses you.
The water moccasin bites you.
You are more poisoned.
The water moccasin poisons you!
You feel yourself speed up.
You feel very sick. The water moccasin bites you.
* * * LOW HITPOINT WARNING * * *
The water moccasin closely misses you. The water moccasin bites you.
* * * LOW HITPOINT WARNING * * *
The water moccasin misses you.
You closely miss the water moccasin.
The water moccasin is heavily wounded.
You hit the water moccasin.
* * * LOW HITPOINT WARNING * * *
You feel sick.
The water moccasin bites you but does no damage.
The water moccasin closely misses you.
You slash the water moccasin!
The water moccasin is almost dead.
You miss the water moccasin.
You die...

#......<.....#
.#.#.........# #.#
#.........# ##.# #.........#
...# #.........#
############# #..#
#.........####.~~~~~~~~~.##
#..#
..##########...~~~~.~~~~..#
#..####
###...###.#.÷~~†~~~~~...
##..#
..+.∩SS@...#############
....#####.##...#S......#####
#..........### #............
#.#......##.# ###..########
#.####......# ##...# #.#
#.#...#####..#.# #.#
#.#....†.....#.# #.#
#.#..........#)# #.#
#.#..........#.#


You could see 2 water moccasins and an adder.

Vanquished Creatures
  Pargi (Sewer)
  3 adders
  3 worms
  5 dart slugs
  8 orcs (D:3)
  2 ball pythons
  An endoplasm (D:2)
  3 giant cockroaches
  6 hobgoblins
  4 kobolds (D:2)
  6 quokkas
  10 bats
  4 frilled lizards
  5 goblins
  9 rats
70 creatures vanquished.

Notes
Turn   | Place    | Note
-------+----------+-------------------------------------------
     0 | D:1      | IdlyInterested the Demonspawn Gladiator began the quest for
                  | the Orb.
     0 | D:1      | Reached XP level 1. HP: 16/16 MP: 1/1
     2 | D:1      | Noticed an elf
     2 | D:1      | Noticed a human
     4 | D:1      | Noticed a meteoran
     4 | D:1      | Noticed a demigod
     6 | D:1      | Noticed a felid
     6 | D:1      | Noticed a spriggan
     8 | D:1      | Noticed an ogre
     8 | D:1      | Noticed a tengu
    10 | D:1      | Noticed a vine stalker
    12 | D:1      | Noticed a minotaur
    12 | D:1      | Noticed a naga
    14 | D:1      | Noticed a draconian
    16 | D:1      | Noticed a demonspawn
    16 | D:1      | Noticed an armataur
    18 | D:1      | Noticed a ghoul
    20 | D:1      | Noticed a formicid
    20 | D:1      | Noticed a vampire
    22 | D:1      | Noticed a merfolk
    22 | D:1      | Noticed a gargoyle
    24 | D:1      | Noticed a human
    24 | D:1      | Noticed a troll
    26 | D:1      | Noticed a vampire
    26 | D:1      | Noticed a draconian
   179 | D:1      | Found Birph's Antique Weapon Shoppe.
   254 | D:1      | Discovered your monstrous ancestry.
   254 | D:1      | Gained mutation: You have a small tail. [demonic ancestry]
   254 | D:1      | Reached XP level 2. HP: 22/22 MP: 2/2
   973 | D:2      | Reached skill level 1 in Stealth
  1378 | D:2      | Gained mutation: You sometimes gain a little power by
                  | taking damage. [demonic ancestry]
  1378 | D:2      | Reached XP level 3. HP: 28/28 MP: 3/3
  1472 | D:2      | Found a shadowy altar of Dithmenos.
  1744 | D:2      | Reached skill level 1 in Armour
  1938 | D:3      | Found a shadowy altar of Dithmenos.
  2035 | D:3      | Gained mutation: You sometimes gain power by taking damage.
                  | [demonic ancestry]
  2035 | D:3      | Reached XP level 4. HP: 12/35 MP: 4/4
  2047 | D:3      | Reached skill level 1 in Polearms
  2594 | D:4      | Reached skill level 1 in Evocations
  2613 | D:4      | Found a glowing drain.
  2632 | Sewer    | Entered a sewer
  2668 | Sewer    | Noticed Pargi
  2677 | Sewer    | Killed Pargi
  2678 | Sewer    | Reached XP level 5. HP: 36/42 MP: 5/5
  2916 | D:4      | Found Jekheot's Serpentskin Sales.
  2916 | D:4      | Noticed a water moccasin
  2916 | D:4      | Noticed a water moccasin
  2926 | D:4      | HP: 2/42 [poisoned by a water moccasin]
  2927 | D:4      | Succumbed to a water moccasin's poison

Illustrated notes

Levels and vault maps discovered:
D:1:      kb_arrival_jail, layout_basic, serial_shops, shop
D:2:      layout_basic, basic_altar
D:3:      layout_rooms, nicolae_dithmenos_through_a_glass_darkly, serial_glass,
          glass_columns_c, glass_columns_a, glass_columns_c, glass_columns_a
D:4:      layout_basic, nicolae_ru_awakened_eye, portal_sewer_entry_f,
          serial_shops, nicolae_shop_bloodbath_and_beyond, guppyfry_shop_venom,
          uniq_eustachio

Skill      XL: |  1  2  3  4 |
---------------+-------------+-----
Axes           | 3 |  3.0
Stealth        | 1 |  1.0
Fighting       | 3 |  3.9
Armour         | 1 2 |  2.0
Polearms       | 2 |  2.1
Evocations     | 1 |  1.0
Throwing       | |  1.7
Dodging        | |  2.6

Action                   |  1- 3 |  4- 6 || total
-------------------------+-------+-------++-------
Melee: War axe           |    26 |     7 ||    33
       Spear             |   126 |    91 ||   217
       Tailslap          |    14 |    23 ||    37
       Punch             |     1 |     1 ||     2
       Short sword       |       |     6 ||     6
  Use: Scroll            |     8 |     5 ||    13
       Potion            |     1 |     2 ||     3
 Stab: Sleeping          |     3 |       ||     3
Armor: Leather armour    |    41 |     8 ||    49
       Plate armour      |       |    63 ||    63
       Troll leather arm |       |     4 ||     4
Dodge: Dodged            |    89 |    48 ||   137

Table legend: (Time is in decaauts)
 A = Elapsed time spent in this place.
 B = Non-inter-level travel time spent in this place.
 C = Inter-level travel time spent in this place.
 D = Time resting spent in this place.
 E = Time spent auto-exploring this place.
 F = Levels seen in this place.
 G = Mean time per level.
                   A        B        C        D        E       F      G
               +--------+--------+--------+--------+--------+-----+--------+
         Total |   2941 |   2594 |    347 |    429 |   1290 |   5 |  588.2 |
       Dungeon |   2838 |   2491 |    347 |    429 |   1290 |   4 |  709.5 |
         Sewer |    103 |    103 |      0 |      0 |      0 |   1 |  103.0 |
               +--------+--------+--------+--------+--------+-----+--------+

Top non-repeatable levels by time:
     D:1: 1050 daAuts
     D:2: 835 daAuts
     D:3: 670 daAuts
     D:4: 280 daAuts
   Sewer: 103 daAuts
